 Dungeon Crawl Stone Soup version 0.28-a0-312-gbced6e68ee (webtiles) character file.

Game seed: 8145255241979902355

7518 Demosthentine the Spear-Bearer (level 11, -8/89 HPs)
             Began as a Merfolk Gladiator on Aug 31, 2021.
             Was an Elder of the Shining One.
             Mangled by a two-headed ogre (17 damage)
             ... on level 10 of the Dungeon.
             The game lasted 00:16:28 (14724 turns).

Demosthentine the Spear-Bearer (Merfolk Gladiator) Turns: 14724, Time: 00:16:29

Health: -8/89      AC:  8    Str: 16    XL:     11   Next: 16%
Magic:  0/14       EV: 18    Int:  9    God:    the Shining One [****..]
Gold:   584        SH:  0    Dex: 16    Spells: 10/10 levels left

rFire   + . .      SeeInvis .   p - +5 spear (venom)
rCold   + . .      Faith    .   (no shield)
rNeg    + + .      Spirit   +   r - +0 troll leather armour
rPois   +          Reflect  .   c - +0 helmet
rElec   .          Harm     .   y - scarf {rC+ rF+}
rCorr   .          Rampage  .   (no gloves)
Will    .....                   x - +1 pair of boots
Stlth   +.........              i - amulet of guardian spirit
HPRegen 0.24/turn               h - ring of poison resistance
MPRegen 0.14/turn               (no ring)

@: glowing
A: (nimble swimmer 2), mertail
a: Renounce Religion, Divine Shield, Cleansing Flame


You were on level 10 of the Dungeon.
You worshipped the Shining One.
The Shining One was greatly pleased with you.
You visited 2 branches of the dungeon, and saw 11 of its levels.
You also visited: Sewer and Ossuary.

You collected 584 gold pieces.

Inventory:

Hand Weapons
 p - a +5 spear of venom (weapon)
Armour
 c - a +0 helmet (worn)
 r - a +0 troll leather armour (worn)
 x - a +1 pair of boots (worn)
 y - a scarf of resistance (worn)
Jewellery
 h - a ring of poison resistance (left hand)
 i - an amulet of guardian spirit (around neck)
Wands
 j - a wand of mindburst (9)
 m - a wand of iceblast (10)
 v - a wand of flame (35)
 w - a wand of charming (3)
Scrolls
 e - a scroll of magic mapping
 k - 4 scrolls of blinking
 n - 5 scrolls of teleportation
 o - 2 scrolls of immolation
 s - a scroll of fog
Potions
 a - a potion of haste {unknown}
 d - 2 potions of might
 f - 2 potions of mutation
 g - a potion of cancellation
 l - 8 potions of flight
 q - a potion of resistance
 t - a potion of degeneration {unknown}
 u - a potion of lignification {unknown}
 z - a potion of attraction {unknown}


   Skills:
 + Level 9.5 Fighting
 + Level 12.4 Polearms
 - Level 2.0 Throwing
 - Level 5.4 Armour
 + Level 11.5 Dodging
 + Level 4.4 Invocations


You had 10 spell levels left.
You didn't know any spells.
Your spell library contained the following spells:

 Spells                   Type           Power      Damage    Failure   Level
 Animate Skeleton         Necr           0%         N/A       43%         1
 Apportation              Tloc           0%         N/A       43%         1
 Corona                   Hex            0%         N/A       43%         1
 Magic Dart               Conj           0%         1d3       43%         1
 Summon Small Mammal      Summ           0%         N/A       43%         1
 Corpse Rot               Necr/Air       N/A        N/A       58%         2
 Poisonous Vapours        Pois/Air       0%         N/A       58%         2
 Searing Ray              Conj           0%         3d3       58%         2
 Slow                     Hex            0%         N/A       58%         2
 Static Discharge         Conj/Air       0%         N/A       58%         2
 Sublimation of Blood     Necr           0%         N/A       58%         2
 Confusing Touch          Hex            0%         N/A       82%         3
 Dispel Undead            Necr           0%         3d6       99%         4
 Fulminant Prism          Conj/Hex       0%         3d6       99%         4
 Petrify                  Tmut/Erth      0%         N/A       99%         4
 Sticky Flame             Conj/Fire      0%         2d3       99%         4
 Alistair's Intoxication  Tmut/Pois      0%         N/A       100%        5
 Freezing Cloud           Conj/Ice/Air   0%         6-21      100%        5
 Irradiate                Conj/Tmut      0%         3d13      100%        5
 Yara's Violent Unravell  Hex/Tmut       0%         3d3       100%        5
 Dispersal                Tloc           0%         N/A       100%        6
 Invisibility             Hex            0%         N/A       100%        6
 Disjunction              Tloc           0%         N/A       100%        8


Dungeon Overview and Level Annotations

Branches:
Dungeon (10/15)            Temple (1/1) D:5           Sewer (visited)
Ossuary (visited)
   Lair: D:8-11         Orc: D:9-12

Altars:
Ashenzari
Cheibriados
Dithmenos
Elyvilon
Kikubaaqudgha
Makhleb
Qazlal
Ru
Sif Muna
Trog
Vehumet
Wu Jian
Xom
Zin
The Shining One

Shops:
D:4 :

Portals:
Abyss: D:6


Innate Abilities, Weirdness & Mutations

((You are quick and stealthy near water. (Stealth+, EV+, Speed+++)))
Your lower body shifts to a powerful aquatic tail in water.


Message History

The two-headed ogre looks as sick as possible!
The two-headed ogre is moderately wounded.
The orc warrior completely misses you. The two-headed ogre barely misses you.
The two-headed ogre misses you.
You puncture the two-headed ogre!
The two-headed ogre is heavily wounded.
You puncture the two-headed ogre!
The two-headed ogre looks as sick as possible!
The two-headed ogre is severely wounded.
The orc warrior misses you.
You hit the two-headed ogre.
The two-headed ogre looks as sick as possible!
The two-headed ogre is severely wounded.
The two-headed ogre hits you with a +0 dire flail!
The two-headed ogre hits you with a +0 giant club.
You are too injured to fight recklessly!
You are too injured to fight recklessly!
You are too injured to fight recklessly!
You hit the two-headed ogre.
The two-headed ogre looks as sick as possible!
The two-headed ogre is severely wounded.
The orc warrior misses you.
You hit the two-headed ogre.
The two-headed ogre looks as sick as possible!
The two-headed ogre is almost dead.
You hit the two-headed ogre but do no damage.
The two-headed ogre looks as sick as possible!
The two-headed ogre is almost dead.
The two-headed ogre hits you with a +0 dire flail!!
* * * LOW HITPOINT WARNING * * *
The two-headed ogre barely misses you. The orc warrior misses you.
You completely miss the two-headed ogre.
The two-headed ogre is almost dead.
You hit the two-headed ogre.
The two-headed ogre is almost dead.
The orc warrior hits you from afar with a +0 trident.
* * * LOW HITPOINT WARNING * * *
The two-headed ogre barely misses you.
The two-headed ogre hits you with a +0 giant club!!
You die...

#.!......#
+.....<..#
#........#
#........#
#.....[..#
#.....)..#
#........##
#.........#
###...)@###
#####O#
#....ooo..$.#
+....oooo...#
#....$$$...##
#..........#
#$.........#
#..........#
#..........#


You could see a two-headed ogre (extremely poisoned), an orc warrior and 6 orcs.

Vanquished Creatures
  Erica (D:7)
  The ghost of avis the Insei, a novice OpTm (D:6)
  Joseph (D:7)
  A kobold demonologist (D:9)
  A queen bee (D:8)
  Grinder (D:6)
  2 trolls
  2 slime creatures (D:7)
  A ynoxinul (D:6)
  A wraith (D:9)
  A yak (D:5)
  2 wyverns
  2 orc warriors (D:10)
  2 ice beasts
  A black bear (D:4)
  3 ogres (D:5)
  3 centaurs
  A phantom (D:6)
  4 kobold brigands (D:6)
  A bullfrog (D:8)
  A gnoll sergeant (D:8)
  2 scorpions
  13 killer bees
  A water moccasin skeleton (D:6)
  5 wights (D:9)
  2 howler monkeys
  A bullfrog zombie (D:6)
  5 centaur zombies
  A crimson imp (D:6)
  4 hounds
  2 human zombies (Ossuary)
  An orc priest (D:8)
  2 bullfrog skeletons
  2 gnoll shamans
  An iron imp (D:6)
  3 iguanas
  3 orc wizards (D:4)
  2 merfolk sirens (Sewer)
  A merfolk avatar (Sewer)
  3 mummies (Ossuary)
  14 gnolls
  13 adders
  3 river rats
  3 white imps (D:6)
  3 adder zombies (Ossuary)
  A worm (D:3)
  2 dart slugs
  29 orcs
  8 endoplasms
  6 giant cockroaches
  8 goblins
  6 hobgoblins
  8 jackals
  20 kobolds
  5 quokkas
  7 ball pythons
  4 bats
  7 frilled lizards
  5 goblin zombies (Ossuary)
  4 hobgoblin zombies (Ossuary)
  3 jackal zombies (Ossuary)
  5 kobold zombies (Ossuary)
  3 orc zombies (Ossuary)
  4 quokka zombies (Ossuary)
  30 rats
  2 rat zombies (Ossuary)
290 creatures vanquished.

Vanquished Creatures (others)
  11 plants (D:8)
11 creatures vanquished.

Grand Total: 301 creatures vanquished

Notes
Turn   | Place    | Note
-------+----------+-------------------------------------------
     0 | D:1      | Demosthentine the Merfolk Gladiator began the quest for the
                  | Orb.
     0 | D:1      | Reached XP level 1. HP: 16/16 MP: 1/1
   205 | D:1      | Reached XP level 2. HP: 12/23 MP: 2/2
  1084 | D:2      | Reached XP level 3. HP: 24/28 MP: 3/3
  1088 | D:2      | Reached skill level 5 in Polearms
  1616 | D:2      | Reached skill level 1 in Armour
  1620 | D:2      | Reached XP level 4. HP: 14/34 MP: 4/4
  2449 | D:2      | Reached skill level 5 in Dodging
  2481 | D:2      | Reached XP level 5. HP: 41/41 MP: 5/5
  3263 | D:3      | Found a glowing drain.
  3289 | Sewer    | Entered a sewer
  3596 | Sewer    | Reached skill level 6 in Polearms
  3758 | Sewer    | Reached XP level 6. HP: 48/48 MP: 6/6
  4986 | D:4      | Noticed a black bear
  4993 | D:4      | Killed a black bear
  5033 | D:4      | Found Gushis's Book Boutique.
  5119 | D:4      | Found a shimmering blue altar of Sif Muna.
  5126 | D:4      | Reached XP level 7. HP: 55/55 MP: 7/7
  5130 | D:4      | Found an ancient bone altar of Kikubaaqudgha.
  5269 | D:4      | Found a radiant altar of Vehumet.
  5411 | D:3      | Reached skill level 7 in Polearms
  6452 | D:5      | Entered Level 5 of the Dungeon
  6467 | D:5      | Found a staircase to the Ecumenical Temple.
  6483 | Temple   | Entered the Ecumenical Temple
  6615 | Temple   | Became a worshipper of the Shining One
  6669 | D:5      | Reached skill level 5 in Fighting
  6711 | D:5      | Found a sand-covered staircase.
  6715 | Ossuary  | Entered an ossuary
  6882 | Ossuary  | Reached * piety under the Shining One
  7095 | Ossuary  | Reached XP level 8. HP: 53/62 MP: 6/8
  7143 | Ossuary  | Reached ** piety under the Shining One
  7326 | Ossuary  | Reached *** piety under the Shining One
  7370 | D:5      | Reached skill level 8 in Polearms
  7666 | D:5      | Noticed a yak
  7679 | D:5      | Killed a yak
  8432 | D:5      | Reached skill level 9 in Polearms
  8975 | D:6      | Reached XP level 9. HP: 71/71 MP: 7/9
  9019 | D:6      | Noticed Grinder
  9020 | D:6      | Paralysed by Grinder for 4 turns
  9038 | D:6      | Paralysed by Grinder for 5 turns
  9393 | D:6      | Killed Grinder
  9595 | D:6      | Found a transporter.
  9597 | D:6      | You fall into a shaft and drop 1 floor!
  9878 | D:7      | Noticed Joseph
  9894 | D:7      | Killed Joseph
 10044 | D:7      | Found a white marble altar of Elyvilon.
 10264 | D:6      | Found a burning altar of Makhleb.
 10265 | D:6      | Found a shimmering altar of Xom.
 10274 | D:6      | Reached skill level 10 in Polearms
 10767 | D:6      | Found a transporter.
 10781 | D:6      | Reached **** piety under the Shining One
 11171 | D:6      | Noticed avis's ghost (novice OpTm)
 11202 | D:6      | Reached skill level 5 in Armour
 11252 | D:6      | Found a one-way gate to the infinite horrors of the Abyss.
 11271 | D:6      | Killed avis's ghost
 11272 | D:6      | Reached skill level 10 in Dodging
 11272 | D:6      | Reached XP level 10. HP: 80/80 MP: 10/10
 11577 | D:7      | Reached skill level 11 in Polearms
 12084 | D:8      | Noticed Erica
 12336 | D:7      | Killed Erica
 13266 | D:8      | HP: 4/83 [killer bee (9)]
 13661 | D:8      | Reached skill level 12 in Polearms
 13830 | D:9      | Noticed a kobold demonologist
 13842 | D:9      | Killed a kobold demonologist
 13916 | D:9      | Reached XP level 11. HP: 74/89 MP: 10/13
 14603 | D:10     | Entered Level 10 of the Dungeon
 14688 | D:10     | Noticed a two-headed ogre
 14724 | D:10     | Mangled by a two-headed ogre

Illustrated notes

Levels and vault maps discovered:
D:1:      giann_forest_graveyard, layout_basic, hangedman_glass_teeth
D:2:      minmay_razor_zed, layout_basic, kennysheep_generic_room_4
D:3:      layout_rooms, portal_sewer_entry_b, kennysheep_generic_room_14
D:4:      layout_layer_cave, palyth_temple_overflow_mages, serial_shops,
          nicolae_square_shop, kennysheep_generic_room_3
D:5:      minmay_thick_lines, layout_gridville, minmay_temple_entry_offerings,
          enter_ossuary_5
D:6:      layout_basic, grunt_temple_overflow_champion_of_chaos,
          gammafunk_ghost_abyssal_escape, minmay_unpleasant_kobolds,
          uniq_grinder
D:7:      layout_loops_ring, elyvilon_altar_1, uniq_joseph
D:8:      layout_rooms, minmay_misc_feat_doors, minivault_23,
          nicolae_looking_at_the_future, uniq_erica
D:9:      layout_loops_ring, kennysheep_generic_room_16
D:10:     layout_roguey [special_room_orc], nicolae_gozag_seed_capital,
          grunt_temple_overflow_open, david_orc_1_choice
Temple:   compressed_dpeg_triangle_lava_temple

Skill      XL: |  1  2  3  4  5  6  7  8  9 10 11 |
---------------+----------------------------------+-----
Polearms       | 5 6 7 9 10 12 | 12.4
Armour         | 1 2 3 4 5 |  5.4
Fighting       | 3 4 5 6 8 9 |  9.5
Dodging        | 5 6 7 8 10 11 | 11.5
Invocations    | 3 4 |  4.4
Throwing       | |  2.0

Action                   |  1- 3 |  4- 6 |  7- 9 | 10-12 || total
-------------------------+-------+-------+-------+-------++-------
Melee: Trident           |    91 |   307 |   504 |   127 ||  1029
       Tailslap          |       |    10 |       |       ||    10
       Spear             |       |       |       |   227 ||   227
Throw: Throwing net      |       |       |     1 |     3 ||     4
  Use: Scroll            |     2 |     4 |     9 |     2 ||    17
       Potion            |       |       |     5 |     5 ||    10
 Stab: Sleeping          |     1 |    14 |     1 |       ||    16
Armor: Leather armour    |    25 |    71 |    88 |    30 ||   214
Dodge: Dodged            |    56 |   208 |   309 |   231 ||   804

Table legend: (Time is in decaauts)
 A = Elapsed time spent in this place.
 B = Non-inter-level travel time spent in this place.
 C = Inter-level travel time spent in this place.
 D = Time resting spent in this place.
 E = Time spent auto-exploring this place.
 F = Levels seen in this place.
 G = Mean time per level.
                   A        B        C        D        E       F      G
               +--------+--------+--------+--------+--------+-----+--------+
         Total |  14524 |  14328 |    196 |    979 |  11104 |  13 | 1117.2 |
       Dungeon |  12830 |  12634 |    196 |    979 |   9850 |  10 | 1283.0 |
        Temple |    147 |    147 |      0 |      0 |    119 |   1 |  147.0 |
         Sewer |    926 |    926 |      0 |      0 |    702 |   1 |  926.0 |
       Ossuary |    620 |    620 |      0 |      0 |    432 |   1 |  620.0 |
               +--------+--------+--------+--------+--------+-----+--------+

Top non-repeatable levels by time:
     D:2: 2145 daAuts
     D:7: 1993 daAuts
     D:5: 1967 daAuts
     D:4: 1551 daAuts
     D:6: 1419 daAuts
     D:8: 1163 daAuts
     D:1: 1072 daAuts
   Sewer: 926 daAuts
     D:9: 734 daAuts
     D:3: 690 daAuts
 Ossuary: 620 daAuts
  Temple: 147 daAuts
    D:10: 91 daAuts
